 Dungeon Crawl Stone Soup version 0.30-a0-1050-g2766ea1e55 (webtiles) character file.

Game seed: 16486876392654780192

7 KristoblXynda the Slasher (level 1, 0/18 HPs)
             Began as a Draconian Gladiator on Apr 11, 2023.
             Frozen to death by an endoplasm (5 damage)
             ... on level 2 of the Dungeon.
             The game lasted 00:00:28 (353 turns).

KristoblXynda the Slasher (Draconian Gladiator)      Turns: 353, Time: 00:00:28

Health: 0/18       AC:  4    Str: 16    XL:     1   Next: 91%
Magic:  1/1        EV: 12    Int:  8    God:
Gold:   38         SH:  0    Dex: 12    Spells: 0/0 levels left

rFire   . . .      SeeInvis .    a - +0 long sword
rCold   . . .      Faith    .    (no shield)
rNeg    . . .      Spirit   .    (body armour unavailable)
rPois   .          Reflect  .    b - +0 hat
rElec   .          Rampage  .    (no cloak)
rCorr   .                        (no gloves)
Will    .....                    (no boots)
Stlth   +                        (no amulet)
HPRegen 0.23/turn                (no ring)
MPRegen 0.07/turn                (no ring)

@: slowed, very slow
A: AC +4, unfitting armour, cold-blooded
a: no special abilities


You were on level 2 of the Dungeon.
You visited 1 branch of the dungeon, and saw 2 of its levels.

You collected 38 gold pieces.

Inventory:

Hand Weapons
 a - a +0 long sword (weapon)
Missiles
 c - 3 throwing nets (quivered)
 d - a javelin
Armour
 b - a +0 hat (worn)
Scrolls
 e - a scroll of teleportation {unknown}
 f - a scroll of identify {unknown}


   Skills:
 + Level 2.4 Fighting
 + Level 3.1 Long Blades
 + Level 2.0 Throwing
 + Level 2.8 Dodging


You couldn't memorise any spells.
You didn't know any spells.
Your spell library was empty.

Dungeon Overview and Level Annotations

Branches:
Dungeon (2/15)

Altars:


Innate Abilities, Weirdness & Mutations

Your plain brown scales are hard. (AC +4)
You cannot fit into any form of body armour.
You are cold-blooded and may be slowed by cold attacks.


Message History

The helpless giant cockroach fails to defend itself.
You hit the giant cockroach.
The giant cockroach is moderately wounded.
The giant cockroach barely misses you.
You hit the giant cockroach but do no damage.
The giant cockroach is moderately wounded.
The giant cockroach bites you but does no damage. x2
You barely miss the giant cockroach.
The giant cockroach is moderately wounded.
The giant cockroach bites you but does no damage.
You hit the giant cockroach.
The giant cockroach is severely wounded.
The giant cockroach bites you but does no damage.
The endoplasm jiggles.
The endoplasm freezes you.
You are frozen.
The giant cockroach closely misses you. The endoplasm freezes you.
You are frozen.
You feel yourself slow down.
You closely miss the giant cockroach.
The giant cockroach is severely wounded.
The giant cockroach barely misses you. The endoplasm freezes you.
You are frozen.
You feel as though you will be slow longer.
The giant cockroach bites you but does no damage.
The giant cockroach bites you.
* * * LOW HITPOINT WARNING * * *
The endoplasm freezes you.
You are frozen.
* * * LOW HITPOINT WARNING * * *
You feel as though you will be slow longer.
The giant cockroach bites you but does no damage.
The giant cockroach attacks as you move away!
The giant cockroach misses you.
The giant cockroach bites you but does no damage.
You barely miss the giant cockroach. You tail-slap the giant cockroach.
You kill the giant cockroach!
The endoplasm freezes you.
You are frozen.
You die...

#..#.# #.#.......#
#..#.## #.#.. ....#
#..#..# #.#<.......
#..#..###.#.#......
#..#....#.#...."#
######..#..#.#.#.....#
#..........#.#<..#...#
###..........#.#J###..##
#..............@......#
#..............########
#...........####
#...........#
####...##.....
#...##..... #...##.....
##### ##


You could see an endoplasm.

Vanquished Creatures
  A ball python (D:1)
  2 endoplasms (D:1)
  A giant cockroach (D:2)
  A hobgoblin (D:1)
  2 bats (D:1)
  A frilled lizard (D:1)
8 creatures vanquished.

Notes
Turn   | Place    | Note
-------+----------+-------------------------------------------
     0 | D:1      | KristoblXynda the Draconian Gladiator began the quest for
                  | the Orb.
     0 | D:1      | Reached XP level 1. HP: 17/17 MP: 1/1
   322 | D:1      | You fall into a shaft and drop 1 floor!
   353 | D:2      | Frozen to death by an endoplasm

Illustrated notes

Levels and vault maps discovered:
D:1:      minmay_arrival_semitransparent, layout_loops_cross, minmay_quantized
D:2:      cheibrodos_fertilizer, layout_basic,
          ebering_ecumenical_altar_sacrificial

Skill      XL: |  1 |
---------------+----+-----
Throwing       | 2 |  2.0
Fighting       | |  2.4
Long Blades    | |  3.1
Dodging        | |  2.8

Action                     || total
---------------------------++-------
  Melee: Long sword        ||    26
         Tailslap          ||     2
   Stab: Sleeping          ||     3
 Armour: Skin              ||    17
  Dodge: Dodged            ||    26

Table legend: (Time is in decaauts)
 A = Elapsed time spent in this place.
 B = Non-inter-level travel time spent in this place.
 C = Inter-level travel time spent in this place.
 D = Time resting spent in this place.
 E = Time spent auto-exploring this place.
 F = Levels seen in this place.
 G = Mean time per level.
                   A        B        C        D        E       F      G
               +--------+--------+--------+--------+--------+-----+--------+
         Total |    361 |    361 |      0 |     35 |    249 |   2 |  180.5 |
       Dungeon |    361 |    361 |      0 |     35 |    249 |   2 |  180.5 |
               +--------+--------+--------+--------+--------+-----+--------+

Top non-repeatable levels by time:
     D:1: 327 daAuts
     D:2: 34 daAuts
